 Dungeon Crawl Stone Soup version 0.31-a0-705-ga145531891 (webtiles) character file.

Game seed: 14422609445364420940

1161 arthad the Magician (level 8, -11/45 HPs)
             Began as a Deep Elf Fire Elementalist on Sept 9, 2023.
             Was a Follower of Vehumet.
             Mangled by a wyvern (17 damage)
             ... on level 9 of the Dungeon.
             The game lasted 00:11:07 (6171 turns).

arthad the Magician (Deep Elf Fire Elementalist)    Turns: 6171, Time: 00:11:08

Health: -11/45     AC:  3    Str:  5    XL:     8   Next: 16%
Magic:  9/19       EV: 14    Int: 23    God:    Vehumet [*.....]
Gold:   318        SH:  0    Dex: 15    Spells: 7/20 levels left

rFire   + . .        g - staff of fire
rCold   . . .        (no shield)
rNeg    + . .        a - +0 robe
rPois   .            (no helmet)
rElec   .            r - +0 cloak
rCorr   .            (no gloves)
SInv    .            (no boots)
Will    .....        (no amulet)
Stlth   +++          x - ring of positive energy
HPRegen 0.27/turn    (no ring)
MPRegen 0.16/turn

%: no passive effects
@: no status effects
A: no striking features
a: Renounce Religion


You were on level 9 of the Dungeon.
You worshipped Vehumet.
Vehumet was aware of your devotion.
You visited 2 branches of the dungeon, and saw 8 of its levels.

You collected 318 gold pieces.

Inventory:

Hand Weapons
 k - a +0 vampiric falchion
Missiles
 f - 2 boomerangs
 w - 9 poisoned darts
Armour
 a - a +0 robe (worn)
 n - the +0 chain mail "Gywaudek" {rC+ Dex+2 Stlth-}
   (You took it off a goblin on level 3 of the Dungeon)

   Dex+2:     It affects your dexterity (+2).
   rC+:       It protects you from cold.
   Stlth-:    It makes you less stealthy.
 r - a +0 cloak (worn)
Magical Staves
 g - a staff of fire (weapon)
Jewellery
 x - a ring of positive energy (left hand)
Wands
 u - a wand of mindburst (16)
 A - a wand of polymorph (2)
Scrolls
 c - a scroll of fear
 e - 2 scrolls of blinking
 h - a scroll of torment
 i - a scroll of revelation
 m - a scroll of teleportation {unknown}
 o - a scroll of immolation {unknown}
 q - a scroll of amnesia {unknown}
 y - a scroll of fog {unknown}
Potions
 b - a potion of magic
 d - a potion of attraction
 j - a potion of enlightenment {unknown}
 l - 2 potions of curing
 p - 3 potions of might {unknown}
 s - a potion of mutation {unknown}
 t - 3 potions of lignification {unknown}
 v - a potion of invisibility {unknown}
 z - a potion of brilliance {unknown}


   Skills:
 + Level 2.4 Fighting
 + Level 4.5 Dodging
 + Level 4.8 Stealth
 * Level 6.6 Spellcasting
 * Level 4.9 Conjurations
 * Level 5.9 Fire Magic


You had 7 spell levels left.
You knew the following spells:

 Your Spells              Type           Power      Damage    Failure   Level
a - Foxfire               Conj/Fire      100%       2x1d9     1%          1
b - Scorch                Fire           100%       2d9       1%          2
c - Flame Wave            Conj/Fire      48%        2d12      9%          4
d - Inner Flame           Hex/Fire       31%        N/A       7%          3
e - Volatile Blastmotes   Fire/Tloc      62%        2d15      7%          3

Your spell library contained the following spells:

 Spells                   Type           Power      Damage    Failure   Level
 Magic Dart               Conj           100%       1d8       1%          1
 Apportation              Tloc           14%        N/A       9%          1
 Necrotise                Necr           28%        1d5       9%          1
 Summon Small Mammal      Summ           28%        N/A       9%          1
 Sublimation of Blood     Necr           7%         N/A       12%         2
 Wereblood                Tmut           7%         N/A       12%         2
 Summon Hydra             Summ           3%         N/A       100%        7


Dungeon Overview and Level Annotations

Branches:
Dungeon (6/15)             Temple (1/1) D:5            Lair (0/5) D:9
    Orc (0/2) D:9

Altars:
Ashenzari
Cheibriados
Dithmenos
Elyvilon
Fedhas
Gozag
Hepliaklqana
Kikubaaqudgha
Makhleb
Nemelex Xobeh
Okawaru
Qazlal
Sif Muna
Uskayaw
Vehumet
Wu Jian
Yredelemnul
Zin
The Shining One

Annotations:
D:3 3 runed translucent doors, Dynojp's ghost, amateur GnWn


Message History

You feel a surge of power!
You conjure some foxfire!
A wyvern comes into view.
Casting: Foxfire (safe; 1% risk of failure)
Confirm with . or Enter, or press ? or * to list all spells.
You feel a surge of power!
Flames lash the wyvern.
The wyvern is lightly wounded.
The wyvern's fire resistance burns away.
You feel a surge of power!
You conjure some foxfire!
Your foxfire dissipates!
The wyvern misses you.
You feel a surge of power!
You conjure some foxfire!
The wyvern barely misses you. The wyvern bites you!
Casting: Foxfire (safe; 1% risk of failure)
Confirm with . or Enter, or press ? or * to list all spells.
You feel a surge of power!
Flames lash the wyvern.
The wyvern is heavily wounded.
The wyvern's fire resistance burns away.
The wyvern is no longer more vulnerable to fire.
The foxfire hits the wyvern.
The wyvern is moderately wounded.
The foxfire hits the wyvern but does no damage.
The wyvern is moderately wounded.
The foxfire hits the wyvern.
The wyvern is moderately wounded.
Casting: Scorch (safe; 1% risk of failure)
Confirm with . or Enter, or press ? or * to list all spells.
Casting: Flame Wave (quite dangerous; 9% risk of failure)
Press: ? - help, Dir - look around, f - activate You feel a surge of power!
A wave of flame ripples out!
The flame wave engulfs the wyvern.
The wyvern is burned terribly!
The wyvern is severely wounded.
The flame wave engulfs the wyvern but does no damage.
The wyvern is moderately wounded. (Press . to intensify the flame waves.)
The wyvern bites you. The wyvern bites you!
* * * LOW HITPOINT WARNING * * *
The wyvern completely misses you.
The wyvern hisses menacingly.
The wyvern bites you!
You die...

##...###.#.......
##.....##.#.#####.
#.......#.#......#
#...........#...V.
#.................
##..#.....###.###.
##.###....###.##..
##l#####...<...##.#
#§@l###....#####.<.
#§##.#.#.........#.
*#.#*#.##..######...
******.#.,§...,,* ****,*
***,,,,.#*.,,,...,* **,,,,*
**,,,**##,*..,,....#**,,,,,*
*,,*,*,,,,,..,,,l..?,,,,,,,,
*,,,,,,,,*,...,,...#,,,,,,,,
*,,,*,*,,*,,,,,,,,,,,,,,,,,,


You could see 2 wyverns.

Vanquished Creatures
  Eustachio (D:4)
  An ice beast (D:5)
  A phantom (D:4)
  A kobold brigand (D:4)
  4 hounds
  4 orc priests
  2 iguanas
  A sleepcap (D:6)
  Natasha (thrice) (D:4)
  9 orc wizards
  4 gnolls (D:5)
  2 adders
  A white imp (D:5)
  A dart slug (D:1)
  13 orcs
  4 bats
  3 bat zombies (D:5)
  8 endoplasms
  4 giant cockroaches
  10 goblins
  8 hobgoblins
  5 quokkas
  10 ball pythons
  6 frilled lizards
  8 kobolds
  7 rats
  A spectral hobgoblin (D:5)
122 creatures vanquished.

Vanquished Creatures (others)
  492 foxfires
492 creatures vanquished.

Grand Total: 614 creatures vanquished

Notes
Turn   | Place    | Note
-------+----------+-------------------------------------------
     0 | D:1      | arthad the Deep Elf Fire Elementalist began the quest for
                  | the Orb.
     0 | D:1      | Reached XP level 1. HP: 10/10 MP: 6/6
   408 | D:1      | Reached XP level 2. HP: 15/15 MP: 6/8
   587 | D:1      | Found a faded altar of an unknown god.
  1147 | D:2      | Reached XP level 3. HP: 20/20 MP: 5/10
  2264 | D:3      | Identified the +0 chain mail "Gywaudek" {rC+ Dex+2 Stlth-}
  2391 | D:3      | Found a white marble altar of Elyvilon.
  2415 | D:3      | Reached XP level 4. HP: 24/24 MP: 7/11
  2627 | D:3      | Found a runed translucent gate.
  2627 | D:3      | Found a runed translucent gate.
  2627 | D:3      | Found a runed translucent gate.
  2627 | D:3      | Noticed Dynojp's ghost (amateur GnWn)
  2908 | D:3      | Reached skill level 4 in Spellcasting
  3267 | D:4      | Noticed Eustachio
  3277 | D:4      | Killed Eustachio
  3278 | D:4      | Reached skill level 1 in Fighting
  3278 | D:4      | Reached XP level 5. HP: 29/29 MP: 3/14
  3293 | D:4      | Learned a level 2 spell: Scorch
  3298 | D:4      | Learned a level 4 spell: Flame Wave
  3454 | D:4      | Reached XP level 6. HP: 34/34 MP: 12/15
  3626 | D:4      | Noticed Natasha
  3633 | D:4      | Killed Natasha
  3634 | D:4      | Reached skill level 5 in Spellcasting
  3805 | D:4      | Noticed Natasha
  3809 | D:4      | Killed Natasha
  3830 | D:4      | Noticed Natasha
  3834 | D:4      | Killed Natasha
  4093 | D:4      | Reached skill level 5 in Fire Magic
  4093 | D:4      | Reached XP level 7. HP: 39/39 MP: 9/17
  4574 | D:5      | Entered Level 5 of the Dungeon
  4578 | D:5      | Reached skill level 6 in Spellcasting
  4746 | D:5      | Found a staircase to the Ecumenical Temple.
  4755 | Temple   | Entered the Ecumenical Temple
  4764 | Temple   | Became a worshipper of Vehumet
  4989 | D:5      | Found an ancient bone altar of Kikubaaqudgha.
  5132 | D:5      | Reached XP level 8. HP: 28/44 MP: 13/19
  5136 | D:5      | Learned a level 3 spell: Inner Flame
  5140 | D:5      | Learned a level 3 spell: Volatile Blastmotes
  5804 | D:5      | Found a hazy altar of Hepliaklqana.
  6004 | D:6      | Reached * piety under Vehumet
  6004 | D:6      | Offered knowledge of Magic Dart by Vehumet.
  6139 | D:6      | You fall into a shaft and drop 3 floors!
  6142 | D:9      | Identified a scroll of acquirement
  6143 | D:9      | Acquired a staff of fire
  6171 | D:9      | Mangled by a wyvern

Illustrated notes

Levels and vault maps discovered:
D:1:      scummos_arrival_star, layout_basic, ebering_ecumenical_altar_box
D:2:      layout_basic
D:3:      layout_rooms, mainiacjoe_overflow_tiny_flanked,
          ebering_ghost_rock_garden, minivault_27
D:4:      layout_basic, uniq_eustachio, uniq_natasha
D:5:      layout_cave_pods, lemuel_zombie_altar_kikubaaqudgha,
          nicolae_hepliaklqana_monster_ancestors, minmay_temple_entry_grid,
          minivault_19, nicolae_houndstooth_variations
D:6:      layout_basic, glass_columns_a, nicolae_shop_clearance,
          uniq_crazy_yiuf_cottage
D:9:      layout_loops_ring, mainiacjoe_overflow_brackets,
          erik_lair_orcish_takeover, david_orc_4, enter_bailey_5,
          nicolae_shop_overcharged_wands, uniq_grum
Temple:   nicolae_temple_elliptical

Skill      XL: |  1  2  3  4  5  6  7 |
---------------+----------------------+-----
Stealth        | 3 4 |  4.8
Conjurations   | 2 3 4 |  4.9
Dodging        | 3 4 |  4.5
Spellcasting   | 4 5 6 |  6.6
Fire Magic     | 4 5 |  5.9
Fighting       | 1 2 |  2.4

Action                     |  1- 3 |  4- 6 |  7- 9 || total
---------------------------+-------+-------+-------++-------
  Melee: Unarmed           |     5 |       |       ||     5
         Falchion          |     1 |     5 |     1 ||     7
   Cast: Foxfire           |   106 |    96 |    80 ||   282
         Scorch            |       |     2 |    13 ||    15
         Flame Wave        |       |       |     4 ||     4
    Use: Potion            |       |     2 |       ||     2
         Scroll            |       |       |     7 ||     7
 Armour: Robe              |    21 |     6 |    13 ||    40
  Dodge: Dodged            |    31 |     8 |    16 ||    55

Table legend: (Time is in decaauts)
 A = Elapsed time spent in this place.
 B = Non-inter-level travel time spent in this place.
 C = Inter-level travel time spent in this place.
 D = Time resting spent in this place.
 E = Time spent auto-exploring this place.
 F = Levels seen in this place.
 G = Mean time per level.
                   A        B        C        D        E       F      G
               +--------+--------+--------+--------+--------+-----+--------+
         Total |   6170 |   5961 |    209 |      3 |   5192 |   8 |  771.2 |
       Dungeon |   6151 |   5959 |    192 |      3 |   5192 |   7 |  878.7 |
        Temple |     18 |      2 |     16 |      0 |      0 |   1 |   18.0 |
               +--------+--------+--------+--------+--------+-----+--------+

Top non-repeatable levels by time:
     D:4: 1536 daAuts
     D:5: 1343 daAuts
     D:1: 1141 daAuts
     D:2: 1022 daAuts
     D:3: 874 daAuts
     D:6: 202 daAuts
     D:9: 31 daAuts
  Temple: 18 daAuts
